Rangers vs Penguins

Created - 12 décembre 2020 at 20:17

Goals
1 2 3 T
Rangers 0 1 2 3
Penguins 0 1 1 2
Shots
1 2 3 T
Rangers 6 3 18 27
Penguins 9 18 11 38

1st period

No Goal

Penalties :
Filip Hronek (PIT) for Holding (Minor) at 13:09

2nd period

1. Penguins , Alex DeBrincat 4 (Shea Weber 14, Mark Scheifele 10) at 9:23
2. Rangers , Cam Atkinson 7 (Andrew Ladd 6, Vincent Trocheck 6) at 15:24

Penalties :
Dmitry Kulikov (NYR) for Slashing (Minor) at 2:27, Vincent Trocheck (NYR) for Checking from behind (Minor) at 11:06

3rd period

3. Rangers , Andrew Ladd 4 (Vincent Trocheck 7, Ryan McDonagh 14) at 9:50 (PP)
4. Penguins , Drew Doughty 5 (Alex DeBrincat 4) at 10:58
5. Rangers , Connor McDavid 14 (Matt Niskanen 13, Alexander Radulov 12) at 11:37

Penalties :
Nick Leddy (NYR) for Holding (Minor) at 0:32, Mark Scheifele (PIT) for Holding Stick (Minor) at 8:40, Matt Niskanen (NYR) for Unsportsmanlike conduct (Minor) at 13:01

Goalie Stats

Andrei Vasilevskiy (NYR), 36 saves from 38 shots - (0,947), W, 12-3-2, 60:00 minutes
Connor Hellebuyck (PIT), 24 saves from 27 shots - (0,889), L, 10-10-3, 59:01 minutes

Players Stats for Rangers

Player Name              G  A  P  +/- PIM S  H  SB GA TA FO     MP     PP MP  PK MP  
------------------------------------------------------------------------------------
Alexander Radulov        0  1  1  -1  0   0  1  0  0  0  0/1    18:54   1:29   0:00 
Andrew Ladd              1  1  2   1  0   1  0  0  0  0  0/0    16:12   1:15   0:00 
Brandon Pirri            0  0  0   0  0   0  0  0  0  0  4/10    7:21   0:00   0:00 
Cal Clutterbuck          0  0  0   0  0   2  1  1  0  0  0/2    13:43   0:00   4:31 
Cam Atkinson             1  0  1   1  0   3  0  0  0  0  0/0    16:26   1:29   0:00 
Connor McDavid           1  0  1  -1  0   5  0  0  0  0  16/23  18:54   1:29   0:00 
David Savard             0  0  0   0  0   2  3  0  0  0  0/0    19:28   0:00   3:51 
Devin Shore              0  0  0   0  0   1  0  0  0  0  0/3     7:48   0:00   0:27 
Dmitry Kulikov           0  0  0   0  2   2  2  0  0  0  0/0    15:40   0:00   1:33 
Erik Cernak              0  0  0   0  0   0  4  1  0  0  0/0    14:31   0:00   0:23 
Matt Niskanen            0  1  1   0  2   2  1  0  0  0  0/0    24:52   1:54   3:37 
Milan Lucic              0  0  0   0  0   1  1  0  0  0  1/1     7:21   0:00   0:00 
Nick Bonino              0  0  0   0  0   1  0  0  0  0  14/20  12:32   0:00   3:20 
Nick Leddy               0  0  0   0  2   2  1  1  0  0  0/0    23:42   1:54   2:51 
Noel Acciari             0  0  0   0  0   2  0  0  0  0  1/1    14:12   1:40   3:20 
Ryan McDonagh            0  1  1   0  0   1  4  1  0  0  0/0    20:29   1:15   3:37 
Vincent Trocheck         0  2  2   1  2   1  2  0  0  0  16/24  19:09   1:40   2:33 
Zach Hyman               0  0  0  -1  0   1  2  0  0  0  2/5    20:46   1:40   1:41 

Players Stats for Penguins

Player Name              G  A  P  +/- PIM S  H  SB GA TA FO     MP     PP MP  PK MP  
------------------------------------------------------------------------------------
Adrian Kempe             0  0  0   0  0   2  0  0  0  0  2/11    8:34   0:00   2:29 
Alex DeBrincat           1  1  2   1  0   4  2  0  0  0  0/1    15:19   0:00   0:00 
Brent Seabrook           0  0  0   0  0   2  0  1  0  0  0/0    13:41   0:00   0:00 
Cedric Paquette          0  0  0   0  0   0  0  1  0  0  1/2     6:45   0:00   0:40 
Clayton Keller           0  0  0  -1  0   1  0  0  0  0  0/0     9:23   0:00   0:00 
David Perron             0  0  0   1  0   2  1  0  0  0  0/2    19:34   4:15   0:00 
Drew Doughty             1  0  1   0  0   5  1  2  0  0  0/0    25:39   4:07   1:55 
Filip Hronek             0  0  0   0  2   2  5  1  0  0  0/0    19:43   3:49   0:18 
Gabriel Landeskog        0  0  0   0  0   3  6  0  0  0  1/2    21:49   3:41   0:00 
Joe Thornton             0  0  0  -1  0   0  0  0  0  0  6/16   13:38   4:15   0:00 
Marcus Pettersson        0  0  0   0  0   0  1  0  0  0  0/0    14:21   0:00   0:40 
Mark Giordano            0  0  0   0  0   1  2  1  0  0  0/0    21:00   3:49   1:34 
Mark Scheifele           0  1  1   1  2   3  1  0  0  0  14/25  19:33   4:15   0:00 
Nathan MacKinnon         0  0  0   0  0   7  1  0  0  0  12/30  21:49   3:41   0:00 
Oliver Bjorkstrand       0  0  0  -1  0   4  0  0  0  0  0/1    11:52   0:00   2:29 
Oskar Lindblom           0  0  0   0  0   0  0  0  0  0  0/0     6:45   0:00   0:40 
Patrik Laine             0  0  0   0  0   0  2  0  0  0  0/0    21:49   3:41   0:00 
Shea Weber               0  1  1   0  0   2  2  2  0  0  0/0    25:35   4:07   1:51 

3 Stars

1 - Alex DeBrincat (PIT)
2 - Andrew Ladd (NYR)
3 - Andrei Vasilevskiy (NYR)

Power Play

Rangers - 1 on 2 Attempt(s) - 50,00%
Penguins - 0 on 4 Attempt(s) - 0,00%

Penalty Kill

Rangers - 4 on 4 Attempt(s) - 100,00% - Score 0 goal in Penalty Kill
Penguins - 1 on 2 Attempt(s) - 50,00% - Score 0 goal in Penalty Kill

Team Stat

Rangers - Hits : 22 - Faceoff Wins : 54 - Blocked Shots : 4 - Penalty Minutes : 8
Penguins - Hits : 24 - Faceoff Wins : 36 - Blocked Shots : 8 - Penalty Minutes : 4

Official

Referees : Dave Lewis and Mike Sheehan
Linesman : Devin Berg and Justin Cornell

Game Notes

No Game Note

Finance

Level 1 -- Attendance: 6354 (97,75%) -- Ticket Income 743 418 $
Level 2 -- Attendance: 4548 (90,96%) -- Ticket Income 377 484 $
Level 3 -- Attendance: 3458 (98,80%) -- Ticket Income 214 396 $
Level 4 -- Attendance: 2387 (100,00%) -- Ticket Income 107 415 $
Luxury Box -- Attendance: 1000 (100,00%) -- Ticket Income 225 000 $
Game was played at the Consol Energy Center.
Total Attendance: 17747 (96,52%)
Total Ticket Income: 1 667 713 $
Other Income: 817 179 $
Total Income: 2 484 892 $

% Time on Ice - Rangers

Lines # - Real PCT - Wanted PCT - Time Play
Normal Forward
1 - 36% - 43% - 17:25
2 - 31% - 33% - 14:57
3 - 18% - 15% - 9:00
4 - 15% - 9% - 7:21
Normal Defense
1 - 39% - 44% - 19:10
2 - 32% - 33% - 15:37
3 - 29% - 23% - 13:56
4 - 0% - 0% - 0:00
PP Forward
1 - 47% - 53% - 1:29
2 - 53% - 47% - 1:40
PP Defense
1 - 60% - 53% - 1:54
2 - 40% - 47% - 1:15
PK Forward
1 - 58% - 55% - 4:36
2 - 42% - 45% - 3:20
PK Defense
1 - 54% - 55% - 4:19
2 - 46% - 45% - 3:37
PK3 Forward
1 - 0% - 55%
2 - 0% - 45%
PK3 Defense
1 - 0% - 55%
2 - 0% - 45%
44 Forward
1 - 0% - 55%
2 - 0% - 45%
44 Defense
1 - 0% - 55%
2 - 0% - 45%
Last Minute Offensive  - 0:00
Last Minute Defensive  - 0:12
Total
Forward - 60:00
Defense - 60:00

% Time on Ice - Penguins

Lines # - Real PCT - Wanted PCT - Time Play
Normal Forward
1 - 36% - 35% - 17:15
2 - 32% - 33% - 15:19
3 - 20% - 22% - 9:23
4 - 13% - 10% - 6:05
Normal Defense
1 - 37% - 40% - 17:37
2 - 33% - 30% - 15:37
3 - 28% - 20% - 13:41
4 - 2% - 10% - 1:07
PP Forward
1 - 46% - 60% - 3:41
2 - 54% - 40% - 4:15
PP Defense
1 - 52% - 60% - 4:07
2 - 48% - 40% - 3:49
PK Forward
1 - 79% - 60% - 2:29
2 - 21% - 40% - 0:40
PK Defense
1 - 50% - 60% - 1:35
2 - 50% - 40% - 1:34
PK3 Forward
1 - 0% - 60%
2 - 0% - 40%
PK3 Defense
1 - 0% - 60%
2 - 0% - 40%
44 Forward
1 - 0% - 60%
2 - 0% - 40%
44 Defense
1 - 0% - 60%
2 - 0% - 40%
Last Minute Offensive  - 0:53
Last Minute Defensive  - 0:00
Total
Forward - 60:00
Defense - 60:00

Play-by-Play

1st period


0:01 of 1st period - Connor McDavid wins face-off versus Nathan MacKinnon in neutral zone.
0:01 of 1st period - Matt Niskanen is hit by Gabriel Landeskog and loses puck.
0:09 of 1st period - Connor McDavid is hit by Shea Weber and loses puck.
0:18 of 1st period - Shot by Connor McDavid.
0:18 of 1st period - Shot Misses the Net.
0:20 of 1st period - Shot by Zach Hyman.
0:20 of 1st period - Shot Blocked by Shea Weber.
0:22 of 1st period - Shot by Matt Niskanen.
0:22 of 1st period - Shot Misses the Net.
0:24 of 1st period - Shot by Zach Hyman.
0:24 of 1st period - Stopped by Connor Hellebuyck without a rebound.
0:25 of 1st period - Vincent Trocheck wins face-off versus Mark Scheifele in Penguins zone.
0:25 of 1st period - Cam Atkinson is hit by Filip Hronek and loses puck.
0:35 of 1st period - Alex DeBrincat is hit by David Savard and loses puck.
0:41 of 1st period - Alex DeBrincat is hit by David Savard and loses puck.
0:47 of 1st period - David Perron is hit by Ryan McDonagh and loses puck.
1:19 of 1st period - Icing by Ryan McDonagh.
1:20 of 1st period - Joe Thornton wins face-off versus Vincent Trocheck in Rangers zone.
1:24 of 1st period - Joe Thornton is hit by Ryan McDonagh and loses puck.
1:33 of 1st period - Shot by Clayton Keller.
1:33 of 1st period - Deflect By Oliver Bjorkstrand.
1:33 of 1st period - Shot Misses the Net.
1:52 of 1st period - Shot by Clayton Keller.
1:52 of 1st period - Deflect By Oliver Bjorkstrand.
1:52 of 1st period - Stopped by Andrei Vasilevskiy with a rebound.
1:54 of 1st period - Shot by Brent Seabrook.
1:54 of 1st period - Shot Misses the Net.
2:01 of 1st period - Clayton Keller is hit by Ryan McDonagh and loses puck.
2:33 of 1st period - Off-side.
2:34 of 1st period - Nick Bonino wins face-off versus Adrian Kempe in neutral zone.
2:39 of 1st period - Shot by Nick Bonino.
2:39 of 1st period - Shot Misses the Net.
4:11 of 1st period - Shot by Nathan MacKinnon.
4:11 of 1st period - Stopped by Andrei Vasilevskiy without a rebound.
4:12 of 1st period - Brandon Pirri wins face-off versus Mark Scheifele in Rangers zone.
4:26 of 1st period - Milan Lucic is hit by Marcus Pettersson and loses puck.
4:52 of 1st period - Off-side.
4:53 of 1st period - Nick Bonino wins face-off versus Joe Thornton in neutral zone.
5:20 of 1st period - Shot by Drew Doughty.
5:20 of 1st period - Shot Misses the Net.
5:22 of 1st period - Shot by Oliver Bjorkstrand.
5:22 of 1st period - Stopped by Andrei Vasilevskiy without a rebound.
5:23 of 1st period - Connor McDavid wins face-off versus Nathan MacKinnon in Rangers zone.
5:25 of 1st period - Zach Hyman is hit by Gabriel Landeskog and loses puck.
5:36 of 1st period - Shot by Connor McDavid.
5:36 of 1st period - Shot Misses the Net.
5:57 of 1st period - Filip Hronek is hit by Zach Hyman.
6:11 of 1st period - Connor McDavid is hit by Filip Hronek and loses puck.
6:43 of 1st period - David Perron is hit by Dmitry Kulikov.
6:46 of 1st period - Mark Scheifele is hit by Erik Cernak and loses puck.
6:55 of 1st period - Shot by David Perron.
6:55 of 1st period - Stopped by Andrei Vasilevskiy with a rebound.
6:57 of 1st period - Shot by Mark Scheifele.
6:57 of 1st period - Stopped by Andrei Vasilevskiy with a rebound.
7:11 of 1st period - Shot by Alex DeBrincat.
7:11 of 1st period - Shot Misses the Net.
7:33 of 1st period - Shot by Joe Thornton.
7:33 of 1st period - Shot Misses the Net.
7:35 of 1st period - Shot by Brent Seabrook.
7:35 of 1st period - Stopped by Andrei Vasilevskiy without a rebound.
7:36 of 1st period - Milan Lucic wins face-off versus Adrian Kempe in Rangers zone.
7:42 of 1st period - Off-side.
7:43 of 1st period - Joe Thornton wins face-off versus Alexander Radulov in neutral zone.
8:00 of 1st period - Shot by Oliver Bjorkstrand.
8:00 of 1st period - Shot Misses the Net.
8:33 of 1st period - Connor McDavid is hit by Gabriel Landeskog and loses puck.
8:56 of 1st period - Shot by David Savard.
8:56 of 1st period - Stopped by Connor Hellebuyck without a rebound.
8:57 of 1st period - Nick Bonino wins face-off versus David Perron in Penguins zone.
9:26 of 1st period - Icing by David Savard.
9:27 of 1st period - Nick Bonino wins face-off versus Nathan MacKinnon in Rangers zone.
9:27 of 1st period - David Savard is hit by Gabriel Landeskog and loses puck.
9:43 of 1st period - Shot by Patrik Laine.
9:43 of 1st period - Shot Misses the Net.
9:55 of 1st period - Shot by Nathan MacKinnon.
9:55 of 1st period - Stopped by Andrei Vasilevskiy with a rebound.
11:28 of 1st period - Cedric Paquette is hit by Alexander Radulov and loses puck.
12:02 of 1st period - Off-side.
12:03 of 1st period - Nathan MacKinnon wins face-off versus Brandon Pirri in neutral zone.
13:09 of 1st period - Minor Penalty to Filip Hronek for Holding.
13:10 of 1st period - Vincent Trocheck wins face-off versus Adrian Kempe in Penguins zone.
13:29 of 1st period - Shot by Nick Leddy.
13:29 of 1st period - Stopped by Connor Hellebuyck with a rebound.
13:31 of 1st period - Shot by Noel Acciari.
13:31 of 1st period - Stopped by Connor Hellebuyck without a rebound.
13:32 of 1st period - Connor McDavid wins face-off versus Adrian Kempe in Penguins zone.
13:35 of 1st period - Shot by Cam Atkinson.
13:35 of 1st period - Deflect By Connor McDavid.
13:35 of 1st period - Shot Blocked by Shea Weber.
13:50 of 1st period - Icing by Cam Atkinson.
13:51 of 1st period - Connor McDavid wins face-off versus Adrian Kempe in Rangers zone.
14:32 of 1st period - Shot by Nick Leddy.
14:32 of 1st period - Shot Blocked by Mark Giordano.
14:34 of 1st period - Shot by Noel Acciari.
14:34 of 1st period - Stopped by Connor Hellebuyck without a rebound.
14:35 of 1st period - Cedric Paquette wins face-off versus Vincent Trocheck in Penguins zone.
15:30 of 1st period - Shot by Milan Lucic.
15:30 of 1st period - Shot Misses the Net.
16:35 of 1st period - Marcus Pettersson is hit by Zach Hyman and loses puck.
16:54 of 1st period - Shot by Nathan MacKinnon.
16:54 of 1st period - Shot Misses the Net.
17:25 of 1st period - Icing by Drew Doughty.
17:26 of 1st period - Nathan MacKinnon wins face-off versus Nick Bonino in Penguins zone.
17:26 of 1st period - Nathan MacKinnon is hit by Cal Clutterbuck.
17:35 of 1st period - Icing by Nick Bonino.
17:36 of 1st period - Joe Thornton wins face-off versus Nick Bonino in Rangers zone.
17:36 of 1st period - Mark Giordano is hit by Erik Cernak.
18:01 of 1st period - Shot by Nick Bonino.
18:01 of 1st period - Shot Blocked by Filip Hronek.
18:03 of 1st period - Shot by Nick Bonino.
18:03 of 1st period - Stopped by Connor Hellebuyck without a rebound.
18:04 of 1st period - Adrian Kempe wins face-off versus Zach Hyman in Penguins zone.
19:04 of 1st period - Mark Giordano is hit by Nick Leddy and loses puck.
19:07 of 1st period - Shot by Nathan MacKinnon.
19:07 of 1st period - Stopped by Andrei Vasilevskiy without a rebound.
19:08 of 1st period - Joe Thornton wins face-off versus Vincent Trocheck in Rangers zone.
19:25 of 1st period - Shot by Oliver Bjorkstrand.
19:25 of 1st period - The goal is going for a video replay.
19:25 of 1st period - The goal is refused.
19:26 of 1st period - Nathan MacKinnon wins face-off versus Brandon Pirri in Rangers zone.
Goals for this period are 0 for Rangers vs 0 for Penguins.
Shots for this period are 6 for Rangers vs 9 for Penguins.

2nd period


0:01 of 2nd period - Connor McDavid wins face-off versus Joe Thornton in neutral zone.
0:04 of 2nd period - Shot by Alexander Radulov.
0:04 of 2nd period - Shot Misses the Net.
0:13 of 2nd period - Icing by Nick Leddy.
0:14 of 2nd period - Mark Scheifele wins face-off versus Connor McDavid in Rangers zone.
0:21 of 2nd period - Shot by Connor McDavid.
0:21 of 2nd period - Shot Misses the Net.
0:31 of 2nd period - Shot by Mark Scheifele.
0:31 of 2nd period - Shot Misses the Net.
0:33 of 2nd period - Shot by Mark Giordano.
0:33 of 2nd period - Shot Misses the Net.
0:35 of 2nd period - Shot by Mark Scheifele.
0:35 of 2nd period - Stopped by Andrei Vasilevskiy without a rebound.
0:36 of 2nd period - Vincent Trocheck wins face-off versus Joe Thornton in Rangers zone.
0:48 of 2nd period - Icing by Drew Doughty.
0:49 of 2nd period - Nick Bonino wins face-off versus Joe Thornton in Penguins zone.
0:59 of 2nd period - Icing by Shea Weber.
1:00 of 2nd period - Connor McDavid wins face-off versus Joe Thornton in Penguins zone.
1:03 of 2nd period - Shot by Connor McDavid.
1:03 of 2nd period - Shot Misses the Net.
1:56 of 2nd period - Shot by Gabriel Landeskog.
1:56 of 2nd period - Deflect By Nathan MacKinnon.
1:56 of 2nd period - Stopped by Andrei Vasilevskiy with a rebound.
2:12 of 2nd period - Shot by Nathan MacKinnon.
2:12 of 2nd period - Stopped by Andrei Vasilevskiy without a rebound.
2:13 of 2nd period - Mark Scheifele wins face-off versus Nick Bonino in Rangers zone.
2:13 of 2nd period - David Perron is hit by Dmitry Kulikov and loses puck.
2:27 of 2nd period - Minor Penalty to Dmitry Kulikov for Slashing.
2:28 of 2nd period - Vincent Trocheck wins face-off versus Nathan MacKinnon in Rangers zone.
2:41 of 2nd period - Shot by Nathan MacKinnon.
2:41 of 2nd period - Stopped by Andrei Vasilevskiy with a rebound.
3:27 of 2nd period - Shot by Mark Scheifele.
3:27 of 2nd period - Shot Misses the Net.
3:29 of 2nd period - Shot by Mark Scheifele.
3:29 of 2nd period - Shot Blocked by Ryan McDonagh.
3:31 of 2nd period - Shot by David Perron.
3:31 of 2nd period - Stopped by Andrei Vasilevskiy without a rebound.
3:32 of 2nd period - Vincent Trocheck wins face-off versus Mark Scheifele in Rangers zone.
3:43 of 2nd period - Cal Clutterbuck is hit by David Perron and loses puck.
4:15 of 2nd period - Icing by Mark Scheifele.
4:16 of 2nd period - Nick Bonino wins face-off versus David Perron in Penguins zone.
4:50 of 2nd period - Off-side.
4:51 of 2nd period - Brandon Pirri wins face-off versus Gabriel Landeskog in neutral zone.
4:51 of 2nd period - Brandon Pirri is hit by Nathan MacKinnon.
5:11 of 2nd period - Shot by Matt Niskanen.
5:11 of 2nd period - Stopped by Connor Hellebuyck with a rebound.
5:17 of 2nd period - Shot by Matt Niskanen.
5:17 of 2nd period - Shot Misses the Net.
5:53 of 2nd period - Shot by Adrian Kempe.
5:53 of 2nd period - Stopped by Andrei Vasilevskiy without a rebound.
5:54 of 2nd period - Mark Scheifele wins face-off versus Connor McDavid in Rangers zone.
7:06 of 2nd period - Shot by Clayton Keller.
7:06 of 2nd period - Stopped by Andrei Vasilevskiy with a rebound.
7:11 of 2nd period - Clayton Keller is hit by David Savard and loses puck.
7:19 of 2nd period - Clayton Keller is hit by Ryan McDonagh and loses puck.
8:03 of 2nd period - Shot by Gabriel Landeskog.
8:03 of 2nd period - Stopped by Andrei Vasilevskiy without a rebound.
8:04 of 2nd period - Noel Acciari wins face-off versus Adrian Kempe in Rangers zone.
9:23 of 2nd period - Shot by Alex DeBrincat.
9:23 of 2nd period - Goal by Alex DeBrincat - Rangers : 0 - Penguins : 1.
9:24 of 2nd period - Nathan MacKinnon wins face-off versus Brandon Pirri in neutral zone.
9:33 of 2nd period - Shot by Patrik Laine.
9:33 of 2nd period - Shot Misses the Net.
9:42 of 2nd period - Brent Seabrook is hit by Erik Cernak and loses puck.
9:49 of 2nd period - Brent Seabrook is hit by Milan Lucic and loses puck.
9:57 of 2nd period - Patrik Laine is hit by Erik Cernak and loses puck.
10:48 of 2nd period - Shot by Connor McDavid.
10:48 of 2nd period - Shot Hit the Post.
11:06 of 2nd period - Minor Penalty to Vincent Trocheck for Checking from behind.
11:07 of 2nd period - Mark Scheifele wins face-off versus Devin Shore in Rangers zone.
11:14 of 2nd period - Shot by Filip Hronek.
11:14 of 2nd period - Stopped by Andrei Vasilevskiy without a rebound.
11:15 of 2nd period - Mark Scheifele wins face-off versus Devin Shore in Rangers zone.
11:33 of 2nd period - Icing by Shea Weber.
11:34 of 2nd period - Mark Scheifele wins face-off versus Zach Hyman in Penguins zone.
11:47 of 2nd period - Shot by Drew Doughty.
11:47 of 2nd period - Stopped by Andrei Vasilevskiy without a rebound.
11:48 of 2nd period - Nathan MacKinnon wins face-off versus Devin Shore in Rangers zone.
11:49 of 2nd period - Shot by Gabriel Landeskog.
11:49 of 2nd period - Shot Blocked by Cal Clutterbuck.
11:51 of 2nd period - Shot by Filip Hronek.
11:51 of 2nd period - Shot Misses the Net.
12:11 of 2nd period - Shot by Mark Giordano.
12:11 of 2nd period - Stopped by Andrei Vasilevskiy without a rebound.
12:12 of 2nd period - Mark Scheifele wins face-off versus Cal Clutterbuck in Rangers zone.
12:41 of 2nd period - Shot by Shea Weber.
12:41 of 2nd period - Shot Misses the Net.
12:43 of 2nd period - Shot by Drew Doughty.
12:43 of 2nd period - Stopped by Andrei Vasilevskiy without a rebound.
12:44 of 2nd period - Nick Bonino wins face-off versus Nathan MacKinnon in Rangers zone.
13:20 of 2nd period - Shot by Cedric Paquette.
13:20 of 2nd period - Deflect By Adrian Kempe.
13:20 of 2nd period - Shot Misses the Net.
13:28 of 2nd period - Cedric Paquette is hit by Vincent Trocheck and loses puck.
14:21 of 2nd period - Icing by Matt Niskanen.
14:22 of 2nd period - Mark Scheifele wins face-off versus Connor McDavid in Rangers zone.
15:18 of 2nd period - Shot by Shea Weber.
15:18 of 2nd period - Stopped by Andrei Vasilevskiy without a rebound.
15:19 of 2nd period - Vincent Trocheck wins face-off versus Joe Thornton in Rangers zone.
15:24 of 2nd period - Shot by Cam Atkinson.
15:24 of 2nd period - Goal by Cam Atkinson - Rangers : 1 - Penguins : 1.
15:25 of 2nd period - Nathan MacKinnon wins face-off versus Vincent Trocheck in neutral zone.
15:46 of 2nd period - Shot by Vincent Trocheck.
15:46 of 2nd period - Shot Misses the Net.
15:57 of 2nd period - Icing by Erik Cernak.
15:58 of 2nd period - Vincent Trocheck wins face-off versus Joe Thornton in Rangers zone.
16:06 of 2nd period - Shot by Joe Thornton.
16:06 of 2nd period - Shot Blocked by Erik Cernak.
17:12 of 2nd period - Shot by Alex DeBrincat.
17:12 of 2nd period - Stopped by Andrei Vasilevskiy without a rebound.
17:13 of 2nd period - Nick Bonino wins face-off versus Nathan MacKinnon in Rangers zone.
17:13 of 2nd period - Nick Bonino is hit by Gabriel Landeskog.
17:33 of 2nd period - Icing by Cal Clutterbuck.
17:34 of 2nd period - Mark Scheifele wins face-off versus Nick Bonino in Rangers zone.
18:47 of 2nd period - Shot by Nathan MacKinnon.
18:47 of 2nd period - Deflect By Gabriel Landeskog.
18:47 of 2nd period - Shot Misses the Net.
18:49 of 2nd period - Shot by Filip Hronek.
18:49 of 2nd period - Stopped by Andrei Vasilevskiy without a rebound.
18:50 of 2nd period - Connor McDavid wins face-off versus Joe Thornton in Rangers zone.
19:05 of 2nd period - Shot by Zach Hyman.
19:05 of 2nd period - Shot Misses the Net.
19:23 of 2nd period - Shot by Oliver Bjorkstrand.
19:23 of 2nd period - Shot Misses the Net.
19:25 of 2nd period - Shot by Oliver Bjorkstrand.
19:25 of 2nd period - Stopped by Andrei Vasilevskiy without a rebound.
19:26 of 2nd period - Vincent Trocheck wins face-off versus Nathan MacKinnon in Rangers zone.
19:33 of 2nd period - Shot by Nathan MacKinnon.
19:33 of 2nd period - Stopped by Andrei Vasilevskiy without a rebound.
19:34 of 2nd period - Vincent Trocheck wins face-off versus Nathan MacKinnon in Rangers zone.
19:39 of 2nd period - Dmitry Kulikov is hit by Drew Doughty and loses puck.
19:59 of 2nd period - Shot by Dmitry Kulikov.
19:59 of 2nd period - Stopped by Connor Hellebuyck without a rebound.
Goals for this period are 1 for Rangers vs 1 for Penguins.
Shots for this period are 3 for Rangers vs 18 for Penguins.

3rd period


0:01 of 3rd period - Connor McDavid wins face-off versus Mark Scheifele in neutral zone.
0:12 of 3rd period - Shot by Connor McDavid.
0:12 of 3rd period - Stopped by Connor Hellebuyck without a rebound.
0:13 of 3rd period - Vincent Trocheck wins face-off versus Nathan MacKinnon in Penguins zone.
0:13 of 3rd period - Cam Atkinson is hit by Mark Giordano and loses puck.
0:20 of 3rd period - Ryan McDonagh is hit by Gabriel Landeskog and loses puck.
0:29 of 3rd period - Shot by Gabriel Landeskog.
0:29 of 3rd period - Stopped by Andrei Vasilevskiy without a rebound.
0:30 of 3rd period - Mark Scheifele wins face-off versus Connor McDavid in Rangers zone.
0:30 of 3rd period - Drew Doughty is hit by Matt Niskanen and loses puck.
0:32 of 3rd period - Minor Penalty to Nick Leddy for Holding.
0:33 of 3rd period - Nathan MacKinnon wins face-off versus Cal Clutterbuck in Rangers zone.
0:39 of 3rd period - Shot by Drew Doughty.
0:39 of 3rd period - Stopped by Andrei Vasilevskiy without a rebound.
0:40 of 3rd period - Gabriel Landeskog wins face-off versus Vincent Trocheck in Rangers zone.
0:51 of 3rd period - Shot by Gabriel Landeskog.
0:51 of 3rd period - Shot Misses the Net.
0:55 of 3rd period - Shot by Shea Weber.
0:55 of 3rd period - Shot Misses the Net.
0:57 of 3rd period - Shot by Drew Doughty.
0:57 of 3rd period - Stopped by Andrei Vasilevskiy with a rebound.
2:45 of 3rd period - Shot by Connor McDavid.
2:45 of 3rd period - Shot Blocked by Cedric Paquette.
2:47 of 3rd period - Shot by Erik Cernak.
2:47 of 3rd period - Shot Blocked by Brent Seabrook.
2:53 of 3rd period - Shot by Connor McDavid.
2:53 of 3rd period - Shot Misses the Net.
2:55 of 3rd period - Shot by Zach Hyman.
2:55 of 3rd period - Shot Misses the Net.
2:57 of 3rd period - Shot by Dmitry Kulikov.
2:57 of 3rd period - Shot Misses the Net.
2:59 of 3rd period - Shot by Zach Hyman.
2:59 of 3rd period - Shot Misses the Net.
3:01 of 3rd period - Shot by Dmitry Kulikov.
3:01 of 3rd period - Stopped by Connor Hellebuyck without a rebound.
3:02 of 3rd period - Joe Thornton wins face-off versus Brandon Pirri in Penguins zone.
3:57 of 3rd period - Icing by Nick Leddy.
3:58 of 3rd period - Vincent Trocheck wins face-off versus Alex DeBrincat in Rangers zone.
3:58 of 3rd period - Vincent Trocheck is hit by Alex DeBrincat.
4:31 of 3rd period - Shot by Alex DeBrincat.
4:31 of 3rd period - Stopped by Andrei Vasilevskiy without a rebound.
4:32 of 3rd period - Nathan MacKinnon wins face-off versus Connor McDavid in Rangers zone.
4:51 of 3rd period - Shot by Nathan MacKinnon.
4:51 of 3rd period - Shot Misses the Net.
5:03 of 3rd period - Icing by Gabriel Landeskog.
5:04 of 3rd period - Nick Bonino wins face-off versus Nathan MacKinnon in Penguins zone.
5:17 of 3rd period - Shot by Gabriel Landeskog.
5:17 of 3rd period - Stopped by Andrei Vasilevskiy without a rebound.
5:18 of 3rd period - Mark Scheifele wins face-off versus Brandon Pirri in Rangers zone.
5:19 of 3rd period - Shot by David Perron.
5:19 of 3rd period - Shot Misses the Net.
5:35 of 3rd period - Shot by Alex DeBrincat.
5:35 of 3rd period - Deflect By David Perron.
5:35 of 3rd period - Shot Misses the Net.
5:38 of 3rd period - Icing by Brandon Pirri.
5:39 of 3rd period - Brandon Pirri wins face-off versus Joe Thornton in Rangers zone.
5:46 of 3rd period - Shot by Milan Lucic.
5:46 of 3rd period - Deflect By Devin Shore.
5:46 of 3rd period - Stopped by Connor Hellebuyck without a rebound.
5:47 of 3rd period - Mark Scheifele wins face-off versus Connor McDavid in Penguins zone.
5:58 of 3rd period - Shot by Alex DeBrincat.
5:58 of 3rd period - Stopped by Andrei Vasilevskiy without a rebound.
5:59 of 3rd period - Vincent Trocheck wins face-off versus Nathan MacKinnon in Rangers zone.
5:59 of 3rd period - Vincent Trocheck is hit by Patrik Laine.
6:19 of 3rd period - Vincent Trocheck is hit by Filip Hronek and loses puck.
6:33 of 3rd period - Cam Atkinson is hit by Mark Giordano.
6:43 of 3rd period - Shot by Nathan MacKinnon.
6:43 of 3rd period - Shot Misses the Net.
7:50 of 3rd period - Icing by Marcus Pettersson.
7:51 of 3rd period - Nick Bonino wins face-off versus Oliver Bjorkstrand in Penguins zone.
8:01 of 3rd period - Icing by Marcus Pettersson.
8:02 of 3rd period - Joe Thornton wins face-off versus Brandon Pirri in Penguins zone.
8:23 of 3rd period - Shot by Clayton Keller.
8:23 of 3rd period - Shot Misses the Net.
8:27 of 3rd period - Shot by Joe Thornton.
8:27 of 3rd period - Deflect By Clayton Keller.
8:27 of 3rd period - Shot Misses the Net.
8:31 of 3rd period - Shot by Clayton Keller.
8:31 of 3rd period - Shot Misses the Net.
8:33 of 3rd period - Shot by Brent Seabrook.
8:33 of 3rd period - Stopped by Andrei Vasilevskiy without a rebound.
8:34 of 3rd period - Zach Hyman wins face-off versus Mark Scheifele in Rangers zone.
8:34 of 3rd period - Zach Hyman is hit by Alex DeBrincat.
8:39 of 3rd period - Off-side.
8:40 of 3rd period - Connor McDavid wins face-off versus Mark Scheifele in neutral zone.
8:40 of 3rd period - Minor Penalty to Mark Scheifele for Holding Stick.
8:41 of 3rd period - Connor McDavid wins face-off versus Adrian Kempe in Penguins zone.
8:50 of 3rd period - Shot by Matt Niskanen.
8:50 of 3rd period - Shot Blocked by Drew Doughty.
8:52 of 3rd period - Shot by Nick Leddy.
8:52 of 3rd period - Stopped by Connor Hellebuyck without a rebound.
8:53 of 3rd period - Vincent Trocheck wins face-off versus Adrian Kempe in Penguins zone.
8:58 of 3rd period - Shot by Noel Acciari.
8:58 of 3rd period - Shot Misses the Net.
9:12 of 3rd period - Shot by Andrew Ladd.
9:12 of 3rd period - Shot Misses the Net.
9:14 of 3rd period - Shot by Ryan McDonagh.
9:14 of 3rd period - Stopped by Connor Hellebuyck without a rebound.
9:15 of 3rd period - Connor McDavid wins face-off versus Adrian Kempe in Penguins zone.
9:30 of 3rd period - Shot by Connor McDavid.
9:30 of 3rd period - Stopped by Connor Hellebuyck with a rebound.
9:32 of 3rd period - Shot by Alexander Radulov.
9:32 of 3rd period - Shot Misses the Net.
9:34 of 3rd period - Shot by Matt Niskanen.
9:34 of 3rd period - Shot Misses the Net.
9:44 of 3rd period - Shot by Cam Atkinson.
9:44 of 3rd period - Stopped by Connor Hellebuyck without a rebound.
9:45 of 3rd period - Vincent Trocheck wins face-off versus Cedric Paquette in Penguins zone.
9:50 of 3rd period - Shot by Andrew Ladd.
9:50 of 3rd period - Goal by Andrew Ladd - Rangers : 2 - Penguins : 1.
9:51 of 3rd period - Nick Bonino wins face-off versus Mark Scheifele in neutral zone.
9:57 of 3rd period - Nick Bonino is hit by Filip Hronek and loses puck.
10:08 of 3rd period - Shot by Mark Scheifele.
10:08 of 3rd period - Shot Misses the Net.
10:10 of 3rd period - Shot by Mark Scheifele.
10:10 of 3rd period - Stopped by Andrei Vasilevskiy without a rebound.
10:11 of 3rd period - Connor McDavid wins face-off versus Nathan MacKinnon in Rangers zone.
10:15 of 3rd period - Off-side.
10:16 of 3rd period - Connor McDavid wins face-off versus Nathan MacKinnon in neutral zone.
10:19 of 3rd period - Shot by Matt Niskanen.
10:19 of 3rd period - Stopped by Connor Hellebuyck without a rebound.
10:20 of 3rd period - Zach Hyman wins face-off versus Mark Scheifele in Penguins zone.
10:25 of 3rd period - Shot by Connor McDavid.
10:25 of 3rd period - Stopped by Connor Hellebuyck without a rebound.
10:26 of 3rd period - Connor McDavid wins face-off versus Mark Scheifele in Penguins zone.
10:58 of 3rd period - Shot by Drew Doughty.
10:58 of 3rd period - Goal by Drew Doughty - Rangers : 2 - Penguins : 2.
10:59 of 3rd period - Nathan MacKinnon wins face-off versus Vincent Trocheck in neutral zone.
11:12 of 3rd period - Cam Atkinson is hit by Filip Hronek and loses puck.
11:21 of 3rd period - Shot by Vincent Trocheck.
11:21 of 3rd period - Stopped by Connor Hellebuyck without a rebound.
11:22 of 3rd period - Nick Bonino wins face-off versus Joe Thornton in Penguins zone.
11:25 of 3rd period - Shot by Cal Clutterbuck.
11:25 of 3rd period - Stopped by Connor Hellebuyck with a rebound.
11:27 of 3rd period - Shot by Cal Clutterbuck.
11:27 of 3rd period - Stopped by Connor Hellebuyck without a rebound.
11:28 of 3rd period - Connor McDavid wins face-off versus Mark Scheifele in Penguins zone.
11:28 of 3rd period - Alexander Radulov is hit by Shea Weber and loses puck.
11:37 of 3rd period - Shot by Connor McDavid.
11:37 of 3rd period - Goal by Connor McDavid - Rangers : 3 - Penguins : 2.
11:38 of 3rd period - Nathan MacKinnon wins face-off versus Vincent Trocheck in neutral zone.
12:01 of 3rd period - Shot by Nathan MacKinnon.
12:01 of 3rd period - Shot Blocked by Nick Leddy.
13:00 of 3rd period - Shot by David Perron.
13:00 of 3rd period - Shot Misses the Net.
13:01 of 3rd period - Minor Penalty to Matt Niskanen for Unsportsmanlike conduct.
13:02 of 3rd period - Mark Scheifele wins face-off versus Nick Bonino in Rangers zone.
13:09 of 3rd period - Shot by Shea Weber.
13:09 of 3rd period - Stopped by Andrei Vasilevskiy without a rebound.
13:10 of 3rd period - Nathan MacKinnon wins face-off versus Nick Bonino in Rangers zone.
13:18 of 3rd period - Icing by Filip Hronek.
13:19 of 3rd period - Nick Bonino wins face-off versus Nathan MacKinnon in Penguins zone.
15:12 of 3rd period - Shot by Milan Lucic.
15:12 of 3rd period - Stopped by Connor Hellebuyck without a rebound.
15:13 of 3rd period - Adrian Kempe wins face-off versus Connor McDavid in Penguins zone.
15:24 of 3rd period - Shot by Adrian Kempe.
15:24 of 3rd period - Stopped by Andrei Vasilevskiy without a rebound.
15:25 of 3rd period - Brandon Pirri wins face-off versus Nathan MacKinnon in Rangers zone.
15:25 of 3rd period - Brandon Pirri is hit by Patrik Laine.
16:17 of 3rd period - Icing by Mark Giordano.
16:18 of 3rd period - Connor McDavid wins face-off versus Nathan MacKinnon in Penguins zone.
16:27 of 3rd period - Shot by Connor McDavid.
16:27 of 3rd period - Stopped by Connor Hellebuyck without a rebound.
16:28 of 3rd period - Vincent Trocheck wins face-off versus Mark Scheifele in Penguins zone.
16:29 of 3rd period - Shot by Cam Atkinson.
16:29 of 3rd period - Shot Misses the Net.
16:31 of 3rd period - Shot by David Savard.
16:31 of 3rd period - Shot Blocked by Drew Doughty.
16:33 of 3rd period - Shot by David Savard.
16:33 of 3rd period - Stopped by Connor Hellebuyck without a rebound.
16:34 of 3rd period - Mark Scheifele wins face-off versus Zach Hyman in Penguins zone.
16:43 of 3rd period - Shot by Mark Scheifele.
16:43 of 3rd period - Shot Misses the Net.
17:13 of 3rd period - Ryan McDonagh is hit by Mark Scheifele and loses puck.
17:44 of 3rd period - Shot by Cam Atkinson.
17:44 of 3rd period - Stopped by Connor Hellebuyck without a rebound.
17:45 of 3rd period - Nathan MacKinnon wins face-off versus Vincent Trocheck in Penguins zone.
17:45 of 3rd period - Nathan MacKinnon is hit by Vincent Trocheck.
18:02 of 3rd period - Icing by Patrik Laine.
18:03 of 3rd period - Nick Bonino wins face-off versus Nathan MacKinnon in Penguins zone.
19:01 of 3rd period - Penguins, Connor Hellebuyck is pulled from the net.
19:06 of 3rd period - Icing by Matt Niskanen.
19:07 of 3rd period - Vincent Trocheck wins face-off versus Nathan MacKinnon in Rangers zone.
Goals for this period are 2 for Rangers vs 1 for Penguins.
Shots for this period are 18 for Rangers vs 11 for Penguins.